 Dungeon Crawl Stone Soup version 0.22.1-1-ga44c0e56f4 (webtiles) character file.

188 Reeggar the Shield-Bearer (level 5, -4/36 HPs)
             Began as an Octopode Fighter on Oct 24, 2018.
             Was a Follower of Cheibriados.
             Slain by a bullfrog zombie (5 damage)
             ... on level 3 of the Dungeon.
             The game lasted 00:13:52 (3158 turns).

Reeggar the Shield-Bearer (Octopode Fighter)        Turns: 3158, Time: 00:13:53

Health: -4/36      AC:  3    Str: 19    XL:     5   Next: 67%
Magic:  5/5        EV: 12    Int: 13    God:    Cheibriados [*.....]
Gold:   234        SH:  9    Dex: 15    Spells: 4/4 levels left

rFire    + . .     SeeInvis .   a - +0 trident
rCold    . . .     Gourm    +   b - +0 shield
rNeg     . . .     Faith    .   (helmet restricted)
rPois    .         Spirit   .   f - amulet of the gourmand
rElec    .         Reflect  .   (no ring)
rCorr    .         Harm     .   (no ring)
MR       .....                  (no ring)
Stlth    ++++......             (no ring)
HPRegen  0.12/turn              (no ring)
MPRegen  0.09/turn              (no ring)
                                (no ring)
                                (no ring)

@: very slow
A: almost no armour, stealthy swim, amphibious, 8 rings, constrict 8, molten
scales 1, camouflage 1, fire resistance 1, gelatinous body 1
a: Bend Time, Renounce Religion


You were on level 3 of the Dungeon.
You worshipped Cheibriados.
Cheibriados was aware of your devotion.
You were very full.

You visited 1 branch of the dungeon, and saw 3 of its levels.

You collected 234 gold pieces.

Inventory:

Hand Weapons
 a - a +0 trident (weapon)
Armour
 b - a +0 shield (worn)
Jewellery
 f - an amulet of the gourmand (around mantle)
 g - an uncursed amulet of faith {unknown}
Scrolls
 j - a scroll of enchant armour {unknown}
 k - a scroll of fog {unknown}
Potions
 c - a potion of brilliance {unknown}
Comestibles
 d - 7 rations


   Skills:
 + Level 3.6 Fighting
 + Level 3.2 Polearms
 + Level 3.5 Dodging
 * Level 3.3 Stealth
 + Level 4.0 Shields
 + Level 0.1 Invocations


You had 4 spell levels left.
You didn't know any spells.
Your spell library was empty.

Dungeon Overview and Level Annotations

Branches:
Dungeon (3/15)

Altars:
Ashenzari
Cheibriados
Sif Muna
Uskayaw

Annotations:
D:3 Grinder


Innate Abilities, Weirdness & Mutations

You cannot wear most types of armour.
You are very stealthy in the water. (Stealth+)
You are amphibious.
You can wear up to eight rings at the same time.
You can use your tentacles to constrict eight enemies at once.
Your skin changes colour to match your surroundings (Stealth+).
Your rubbery body absorbs attacks. (AC +1, EV +1)
You are partially covered in molten scales. (AC +2)
Your flesh is heat resistant. (rF+)


Message History

Grinder blinks!
The bat hits you.
* * * LOW HITPOINT WARNING * * *
The bullfrog zombie barely misses you.
Grinder blinks!
The bullfrog zombie hits you.
* * * LOW HITPOINT WARNING * * *
The bullfrog zombie barely misses you. The bat hits you but does no damage.
You block the bat's attack. The bat hits you.
* * * LOW HITPOINT WARNING * * *
Grinder blinks!
The bullfrog zombie barely misses you.
The kobold throws a stone.
The stone closely misses you. You block the bat's attack.
The bullfrog zombie hits you.
* * * LOW HITPOINT WARNING * * *
The kobold throws a stone.
The stone completely misses you.
You hear a splash.
You see here a stone.
You block the bat's attack. The bullfrog zombie hits you.
* * * LOW HITPOINT WARNING * * *
The bullfrog zombie hits you.
You die...

##≈≈≈≈≈≈ #≈≈≈≈≈≈≈ #≈≈≈≈≈≈≈
#≈≈≈≈≈≈≈ ##≈≈≈≈≈≈ #≈≈≈≈≈≈ #≈≈≈≈≈≈
####################### #≈≈≈≈≈≈
≈≈≈≈≈≈≈≈≈≈(≈≈≈≈b@≈≈≈≈≈#####≈≈≈≈≈≈
≈≈≈≈≈≈≈≈≈≈≈≈≈≈≈Z≈≈≈≈≈≈≈≈≈≈≈≈≈≈≈≈≈
≈≈≈≈≈≈≈≈≈≈K≈K≈≈≈≈≈≈≈≈≈≈≈≈≈≈≈≈≈≈≈≈
≈≈..≈≈.≈.≈..≈≈≈.≈≈≈≈≈...≈≈≈.≈≈..≈
.................................
.................................
.###..........###........########
#......>...##................
#..........#)....)....#######


You could see a bullfrog zombie, a bat and 2 kobolds.

Vanquished Creatures
  Natasha (thrice) (D:2)
  Robin (D:2)
  A gnoll (D:1)
  2 adders
  An ooze (D:1)
  A worm (D:2)
  A leopard gecko (D:1)
  An orc (D:3)
  7 bats
  4 giant cockroaches
  11 goblins
  9 hobgoblins
  8 jackals
  A ball python (D:3)
  2 frilled lizards (D:1)
  8 kobolds
  4 rats (D:1)
65 creatures vanquished.

Notes
Turn   | Place    | Note
-------+----------+-------------------------------------------
     0 | D:1      | Reeggar the Octopode Fighter began the quest for the Orb.
     0 | D:1      | Reached XP level 1. HP: 16/16 MP: 1/1
   139 | D:1      | Reached XP level 2. HP: 10/21 MP: 2/2
   351 | D:1      | Reached skill level 1 in Stealth
   859 | D:1      | Reached XP level 3. HP: 13/26 MP: 3/3
  1631 | D:2      | Noticed Natasha
  1649 | D:2      | HP: 1/26 [Natasha (5)]
  1652 | D:2      | Killed Natasha
  1652 | D:2      | Reached XP level 4. HP: 1/31 MP: 4/4
  1968 | D:2      | Found a snail-covered altar of Cheibriados.
  1969 | D:2      | Found a hide-covered altar of Uskayaw.
  1996 | D:2      | Became a worshipper of Cheibriados the Contemplative
  2176 | D:2      | Found a faded altar of an unknown god.
  2190 | D:2      | Noticed Natasha
  2206 | D:2      | Killed Natasha
  2242 | D:2      | Noticed Robin
  2246 | D:2      | Killed Robin
  2246 | D:2      | Reached XP level 5. HP: 36/36 MP: 5/5
  2247 | D:2      | Reached * piety under Cheibriados
  2382 | D:2      | Found a shattered altar of Ashenzari.
  2719 | D:2      | Found a deep blue altar of Sif Muna.
  2886 | D:2      | Noticed Natasha
  2906 | D:2      | Killed Natasha
  2912 | D:2      | Gained mutation: You are partially covered in molten
                  | scales. (AC +2) [potion of mutation]
  2912 | D:2      | Gained mutation: Your flesh is heat resistant. (rF+)
                  | [potion of mutation]
  3122 | D:3      | Reached skill level 4 in Shields
  3138 | D:3      | Noticed Grinder
  3158 | D:3      | HP: 1/36 [bullfrog zombie (3)]
  3158 | D:3      | Slain by a bullfrog zombie

Skill      XL: |  1  2  3  4  5 |
---------------+----------------+-----
Stealth        | 1 2 3 |  3.3
Polearms       | 3 |  3.2
Shields        | 4 |  4.0
Fighting       | |  3.6
Dodging        | |  3.5
Invocations    | |  0.1

Action                   |  1- 3 |  4- 6 || total
-------------------------+-------+-------++-------
Melee: Trident           |    68 |    72 ||   140
       Constrict         |    15 |    17 ||    32
       Tentacles         |    11 |    12 ||    23
Invok: Bend Time         |       |     2 ||     2
  Use: Potion            |     1 |     3 ||     4
       Scroll            |     1 |     1 ||     2
 Stab: Sleeping          |     5 |     3 ||     8
  Eat: Chunk             |     2 |    12 ||    14
Armor: Skin              |    11 |    14 ||    25
Dodge: Dodged            |    50 |    60 ||   110
Block: Shield            |    42 |    72 ||   114
